 Dungeon Crawl Stone Soup version 0.29.0-11-gd7f09526c8 (webtiles) character file.

Game seed: 2462569713031866963

462 gelatine the Shooter (level 6, -15/46 HPs)
             Began as a Demonspawn Hunter on Sept 3, 2022.
             Was a Priest of Lugonu.
             Demolished by a two-headed ogre
             ... wielding a +0 giant spiked club
              (21 damage)
             ... on level 5 of the Dungeon.
             The game lasted 00:10:33 (4121 turns).

gelatine the Shooter (Demonspawn Hunter)            Turns: 4121, Time: 00:10:34

Health: -15/46     AC:  6    Str: 11    XL:     6   Next: 79%
Magic:  0/8        EV: 13    Int: 11    God:    Lugonu [***...]
Gold:   204        SH:  0    Dex: 20    Spells: 5/5 levels left

rFire   . . .      SeeInvis .   a - +0 shortbow
rCold   + + .      Faith    .   (shield currently unavailable)
rNeg    . . .      Spirit   +   z - +1 robe of Intercession {rC+ Will+}
rPois   +          Reflect  .   l - +0 helmet
rElec   .          Harm     .   h - +0 cloak
rCorr   .          Rampage  .   (no gloves)
Will    +....                   A - +0 pair of boots
Stlth   +++.......              (no amulet)
HPRegen 0.15/turn               i - ring of protection from cold
MPRegen 0.22/turn               e - ring of poison resistance

@: no status effects
A: thin skeletal structure 1, magic shield, magic regeneration
a: Renounce Religion, Depart the Abyss, Bend Space, Banish


You were on level 5 of the Dungeon.
You worshipped Lugonu.
Lugonu was most pleased with you.
You visited 1 branch of the dungeon, and saw 5 of its levels.

You collected 204 gold pieces.

Inventory:

Hand Weapons
 a - a +0 shortbow (weapon)
Armour
 h - a +0 cloak (worn)
 l - a +0 helmet (worn)
 r - a +0 ring mail
 t - a +0 scale mail
 z - the +1 robe of Intercession (worn) {rC+ Will+}
   (You found it on level 3 of the Dungeon)

   rC:        It protects you from cold.
   Will:      It increases your willpower.
 A - a +0 pair of boots (worn)
Jewellery
 e - a ring of poison resistance (right hand)
 f - an amulet of faith
 i - a ring of protection from cold (left hand)
Wands
 v - a wand of flame (25)
 w - a wand of mindburst (22)
 y - a wand of acid (9)
Scrolls
 b - a scroll of immolation
 c - a scroll of enchant armour {unknown}
 d - 2 scrolls of fog
 j - a scroll of vulnerability
 k - a scroll of fear {unknown}
 o - 3 scrolls of magic mapping
 p - a scroll of silence {unknown}
 x - 2 scrolls of teleportation {unknown}
Potions
 g - a potion of mutation {unknown}
 m - a potion of lignification
 n - a potion of degeneration {unknown}
 q - a potion of flight {unknown}
 s - 2 potions of curing {unknown}
 u - a potion of attraction {unknown}


   Skills:
 + Level 2.9 Fighting
 + Level 5.8 Ranged Weapons
 * Level 2.0 Armour
 * Level 2.8 Dodging
 + Level 1.1 Stealth
 * Level 3.4 Invocations


You had 5 spell levels left.
You didn't know any spells.
Your spell library was empty.

Dungeon Overview and Level Annotations

Branches:
Dungeon (5/15)
 Temple: D:4-7

Altars:
Makhleb
Vehumet
Lugonu

Shops:
D:1 [


Innate Abilities, Weirdness & Mutations

You have a somewhat thin skeletal structure. (Dex +2, Stealth+)
When hurt, damage is shared between your health and your magic reserves.
You regenerate magic rapidly.


Message History

x - 2 scrolls labelled ZICKIA YFUEJARR (gained 1)
You see here a +0 robe.
A two-headed ogre comes into view.
It is wielding two +0 giant spiked clubs.
You shoot an arrow. The arrow hits the two-headed ogre.
The two-headed ogre shouts in stereo!
The two-headed ogre is lightly wounded.
You shoot an arrow. The arrow hits the two-headed ogre.
The two-headed ogre is lightly wounded.
You shoot an arrow. The arrow hits the two-headed ogre!
The two-headed ogre is moderately wounded.
You shoot an arrow. The arrow hits the two-headed ogre.
The two-headed ogre is moderately wounded.
You shoot an arrow. The arrow hits the two-headed ogre!
The two-headed ogre is heavily wounded.
You shoot an arrow.
The arrow barely misses the two-headed ogre.
The two-headed ogre hits you with a +0 giant spiked club!!
Ouch! That really hurt!
The two-headed ogre closely misses you.
You are too injured to fight recklessly!
Aiming: Mindburst
Press: ? - help, Q - select action, (/) - cycle Shift-Dir - straight line, f/p - two-headed ogre
Aim: a two-headed ogre, wielding two +0 giant spiked clubs (heavily wounded, chance to affect: 47%)
The two-headed ogre resists with some effort.
Aiming: Corrosive Bolt
Press: ? - help, Q - select action, (/) - cycle Shift-Dir - straight line, f/p - two-headed ogre
Aim: a two-headed ogre, wielding two +0 giant spiked clubs (heavily wounded, 86% to hit)
The bolt of acid hits the two-headed ogre!
The acid corrodes the two-headed ogre!
The two-headed ogre is almost dead.
The two-headed ogre barely misses you. The two-headed ogre closely misses you.
Fire: a) +0 shortbow
Press: ? - help, Q - select action, (/) - cycle Shift-Dir - straight line, f/p - two-headed ogre
Aim: a two-headed ogre, wielding two +0 giant spiked clubs (almost dead, covered in acid, 78% to hit)
You shoot an arrow. The arrow hits the two-headed ogre!
The two-headed ogre is almost dead.
The two-headed ogre hits you with a +0 giant spiked club!
* * * LOW HITPOINT WARNING * * *
The two-headed ogre hits you with a +0 giant spiked club!!
You die...

#... #..# #..# #..#
..#..# .... #.#..#
..... #.#(O# ....
#.#.@# ...
#.#..######
###.##.#...[...#
...............#
###...........#
#..>..........#
######....##########
..........#
######'###


You could see a two-headed ogre (corroded).

Vanquished Creatures
  Edmund (D:4)
  3 iron imps (D:4)
  An iguana (D:4)
  An orc wizard (D:4)
  Natasha (thrice) (D:2)
  6 adders
  A worm (D:4)
  5 orcs
  7 ball pythons
  7 endoplasms
  3 giant cockroaches
  5 goblins
  7 hobgoblins
  2 jackals (D:3)
  4 quokkas
  7 bats
  6 frilled lizards
  10 kobolds
  6 rats
85 creatures vanquished.

Vanquished Creatures (others)
  A plant (D:1)
1 creature vanquished.

Grand Total: 86 creatures vanquished

Notes
Turn   | Place    | Note
-------+----------+-------------------------------------------
     0 | D:1      | gelatine the Demonspawn Hunter began the quest for the Orb.
     0 | D:1      | Reached XP level 1. HP: 16/16 MP: 1/1
    80 | D:1      | Found Iro Butu's Armour Shoppe.
   139 | D:1      | Found a faded altar of an unknown god.
   146 | D:1      | Prayed at the altar of an unknown god.
   146 | D:1      | Became a worshipper of Lugonu the Unformed
   146 | D:1      | Reached * piety under Lugonu
   146 | D:1      | Reached ** piety under Lugonu
   230 | D:1      | Gained mutation: You regenerate magic rapidly. [demonic
                  | ancestry]
   230 | D:1      | Reached XP level 2. HP: 22/22 MP: 2/2
   281 | D:1      | Reached skill level 4 in Ranged Weapons
   568 | D:1      | Reached skill level 1 in Stealth
   768 | D:2      | Reached XP level 3. HP: 18/27 MP: 3/3
  1098 | D:2      | Noticed Natasha
  1106 | D:2      | Killed Natasha
  1107 | D:2      | Reached skill level 1 in Invocations
  1310 | D:2      | Noticed Natasha
  1315 | D:2      | Killed Natasha
  1316 | D:2      | Gained mutation: When hurt, damage is shared between your
                  | health and your magic reserves. [demonic ancestry]
  1316 | D:2      | Reached XP level 4. HP: 31/34 MP: 3/5
  1428 | D:2      | Noticed Natasha
  1435 | D:2      | Killed Natasha
  1436 | D:2      | Reached skill level 5 in Ranged Weapons
  1772 | D:2      | Gained mutation: You have a somewhat thin skeletal
                  | structure. (Dex +2, Stealth+) [demonic ancestry]
  1772 | D:2      | Reached XP level 5. HP: 17/39 MP: 4/6
  1775 | D:2      | Reached *** piety under Lugonu
  2537 | D:3      | Found a radiant altar of Vehumet.
  2741 | D:3      | Identified the +1 robe of Intercession {rC+ Will+}
  3108 | D:4      | Reached skill level 1 in Armour
  3108 | D:4      | Found a burning altar of Makhleb.
  3118 | D:4      | Reached XP level 6. HP: 46/46 MP: 6/8
  3390 | D:4      | Noticed Edmund
  3404 | D:4      | Reached **** piety under Lugonu
  3426 | D:4      | Killed Edmund
  4065 | D:5      | Entered Level 5 of the Dungeon
  4112 | D:5      | Noticed a two-headed ogre
  4121 | D:5      | Demolished by a two-headed ogre

Illustrated notes

Levels and vault maps discovered:
D:1:      spicycebolla_arrival_clurvy, layout_loops_ring, serial_shops,
          nicolae_shop_stone, chequers_ecumenical_altar_simple,
          minmay_tromino_v2
D:2:      layout_loops_corners, minmay_three_crescents, uniq_natasha
D:3:      layout_loops_ring, vehumet_altar_wand_db, grunt_decor_junction,
          minmay_misc_feat_enclosed
D:4:      layout_basic, demons_altar, serial_bayou_crossing, uniq_edmund
D:5:      layout_basic, uniq_sigmund

Skill      XL: |  1  2  3  4  5  6 |
---------------+-------------------+-----
Dodging        | 2 |  2.8
Ranged Weapons | 4 5 |  5.8
Stealth        | 1 |  1.1
Invocations    | 1 2 3 |  3.4
Armour         | 1 2 |  2.0
Fighting       | |  2.9

Action                   |  1- 3 |  4- 6 || total
-------------------------+-------+-------++-------
Melee: Shortbow          |     1 |       ||     1
 Fire: Shortbow          |    87 |   173 ||   260
Evoke: Wand              |       |     2 ||     2
  Use: Scroll            |     4 |     1 ||     5
       Potion            |       |     3 ||     3
Armor: Leather armour    |    14 |    31 ||    45
       Robe              |       |     9 ||     9
Dodge: Dodged            |    34 |    62 ||    96
